 Seeded DCSS version 0.30-a0-743-gbfdf073431 (webtiles) character file.

Game seed: 5430720872467839093 (custom seed)

879 purpskrrrp the Grasshopper (level 8, -6/93 HPs)
             Began as a Barachi Warper on Feb 7, 2023.
             Was an Initiate of Cheibriados.
             Mangled by a two-headed ogre
             ... wielding a +0 giant spiked club
              (10 damage)
             ... on level 5 of the Dungeon.
             The game lasted 00:17:36 (5032 turns).

purpskrrrp the Grasshopper (Barachi Warper)         Turns: 5032, Time: 00:17:37

Health: -6/93      AC:  7    Str: 20    XL:     8   Next: 4%
Magic:  13/13      EV: 14    Int: 16    God:    Cheibriados [......]
Gold:   1622       SH:  0    Dex: 18    Spells: 10/14 levels left

rFire   + . .      SeeInvis .    l - +4 broad axe (heavy)
rCold   + + .      Faith    .    (no shield)
rNeg    . . .      Spirit   .    z - +2 robe of Binutifa {rPois Dex+5}
rPois   +          Reflect  .    (no helmet)
rElec   +          Harm     .    (no cloak)
rCorr   +          Rampage  .    (no gloves)
Will    .....      Clarity  +    h - +2 pair of boots {Stlth+} Stlth
                                 (no amulet)
HPRegen 0.35/turn                m - +6 ring of strength
MPRegen 0.13/turn                c - ring of protection from cold

@: berserking, silenced, resistant, unable to hop, studying Fighting, very slow
A: amphibious, slowness 1, strong legs 1, +LOS, clarity, subdued magic 1
a: Hop, Renounce Religion


You were on level 5 of the Dungeon.
You worshipped Cheibriados.
Cheibriados was noncommittal.
You visited 2 branches of the dungeon, and saw 6 of its levels.

You collected 2049 gold pieces.
You spent 427 gold pieces at shops.

Inventory:

Hand Weapons
 a - a +0 hand axe of draining
 l - a +4 heavy broad axe (weapon)
 s - the +3 short sword of the Manifold Quests {flame, rElec Int+5}
   (You found it on level 3 of the Dungeon)

   Int:       It affects your intelligence (+5).
   rElec:     It insulates you from electricity.
Armour
 b - a +0 leather armour
 h - a +2 pair of boots of stealth (worn)
 z - the +2 robe of Binutifa (worn) {rPois Dex+5}
   (You found it on level 3 of the Dungeon)

   Dex:       It affects your dexterity (+5).
   rPois:     It protects you from poison.
Jewellery
 c - a ring of protection from cold (right hand)
 m - a +6 ring of strength (left hand)
 q - a ring of positive energy
Scrolls
 f - a scroll of torment
 g - 3 scrolls of amnesia {unknown}
 j - a scroll of butterflies {unknown}
 k - 2 scrolls of noise
 o - 4 scrolls of enchant armour
 y - a scroll of poison {unknown}
Potions
 d - a potion of ambrosia {unknown}
 i - 2 potions of attraction
 r - a potion of lignification {unknown}
 t - a potion of degeneration
 u - a potion of berserk rage


   Skills:
 + Level 5.0 Fighting
 + Level 4.2 Axes
 - Level 1.0 Throwing
 + Level 3.7 Armour
 + Level 4.1 Dodging
 + Level 3.9 Spellcasting
 * Level 6.2 Translocations


You had 10 spell levels left.
You knew the following spells:

 Your Spells              Type           Power      Damage    Failure   Level
a - Manifold Assault      Tloc           17%        N/A       11%         4

Your spell library contained the following spells:

 Spells                   Type           Power      Damage    Failure   Level
 Blink                    Tloc           34%        N/A       1%          2
 Lesser Beckoning         Tloc           34%        N/A       1%          2
 Teleport Other           Tloc           17%        N/A       3%          3
 Vhi's Electric Charge    Tloc/Air       20%        N/A       12%         3
 Static Discharge         Conj/Air       4%         2-3/arc   22%         2
 Arcjolt                  Conj/Air       1%         1d11      99%         5
 Lightning Bolt           Conj/Air       1%         1d12      99%         5


Dungeon Overview and Level Annotations

Branches:
Dungeon (5/15)             Temple (1/1) D:4

Altars:
Cheibriados
Dithmenos
Hepliaklqana
Nemelex Xobeh
Okawaru
Ru
Sif Muna
Uskayaw
Vehumet
Wu Jian
Xom
Yredelemnul
Zin
The Shining One

Shops:
D:2 ?

Annotations:
D:4 1 runed translucent door, Dittersdorf's ghost, novice GrFi
D:5 Dowan


Innate Abilities, Weirdness & Mutations

You are amphibious.
You cover ground slowly.
You can hop short distances.
You have an extended range of vision and can be seen from far away.
You possess an exceptional clarity of mind.
Your spells are a little easier to cast, but a little less powerful.


Message History

The two-headed ogre shouts in stereo!
You slash the two-headed ogre!
The two-headed ogre is lightly wounded.
The two-headed ogre hits you with a +0 giant spiked club!
The two-headed ogre hits you with a +0 giant club.
You hit the two-headed ogre.
The two-headed ogre is lightly wounded.
The two-headed ogre completely misses you.
The two-headed ogre hits you with a +0 giant club!
The two-headed ogre hits you with a +0 giant spiked club!!
* * * LOW HITPOINT WARNING * * *
The two-headed ogre hits you with a +0 giant club.
* * * LOW HITPOINT WARNING * * *
You are too injured to fight recklessly!
You are too injured to fight recklessly!
You are too injured to fight recklessly!
You are too injured to fight recklessly!
You are too injured to fight recklessly!
You are too injured to fight recklessly!
You are too injured to fight recklessly!
You are too injured to fight recklessly!
Hop to where?
Press: ? - help, Dir - move target Boing!
Okay, then.
It was a potion of resistance.
You feel protected.
As you read the scroll labelled YJOHA WEPIOPS, it crumbles to dust.
A profound silence engulfs you.
It was a scroll of silence.
A red film seems to cover your vision as you go berserk!
Cheibriados forces you to slow down.
You feel mighty!
You slice the two-headed ogre!!
The two-headed ogre is moderately wounded.
The two-headed ogre barely misses you.
The two-headed ogre hits you with a +0 giant club!
* * * LOW HITPOINT WARNING * * *
The two-headed ogre barely misses you.
The two-headed ogre hits you with a +0 giant club!
You die...

### ..# . ########.# .
#.....##.# #.###.##.# # #
#.# #.##.########## .##.#
#.# #....@........#
.....###.######O#######.##
..##.#............# #.####
.....#.#.#...##.#.##
#....#
.##..#.#.+.........#
####.# .##.
#.###.....#...# #.#
.##..#.# #.....#...# #.#
.##..#.######..#...# #.#
.# #...........##.## #.#


You could see a two-headed ogre.

Vanquished Creatures
  An ice beast (D:5)
  Blork the orc (D:4)
  2 scorpions
  A necrophage (D:2)
  2 orc priests
  A hound (D:5)
  2 iguanas
  5 orc wizards
  12 gnolls
  5 adders
  A white imp (D:4)
  An ufetubus (D:5)
  3 worms (D:4)
  A dart slug (D:4)
  8 orcs
  3 bats
  8 endoplasms
  3 giant cockroaches
  4 goblins
  7 hobgoblins
  7 jackals
  6 kobolds
  5 quokkas
  8 ball pythons
  2 frilled lizards (D:2)
  3 rats
102 creatures vanquished.

Notes
Turn   | Place    | Note
-------+----------+-------------------------------------------
     0 | D:1      | purpskrrrp the Barachi Warper began the quest for the Orb.
     0 | D:1      | Reached XP level 1. HP: 17/17 MP: 3/3
    80 | D:1      | Reached XP level 2. HP: 18/23 MP: 5/5
   161 | D:1      | You fall into a shaft and drop 1 floor!
   214 | D:2      | Identified a scroll of acquirement
   214 | D:2      | Acquired 1090 gold pieces
   884 | D:1      | Reached XP level 3. HP: 26/28 MP: 6/6
  1209 | D:2      | Reached skill level 4 in Translocations
  1333 | D:2      | Noticed a necrophage
  1354 | D:2      | Killed a necrophage
  1355 | D:2      | Reached XP level 4. HP: 10/35 MP: 6/8
  1708 | D:2      | Found Doddoiw's Magic Scroll Shoppe.
  1713 | D:2      | Bought a scroll of identify for 28 gold pieces
  1713 | D:2      | Bought a scroll of enchant armour for 105 gold pieces
  1713 | D:2      | Bought a scroll of enchant armour for 105 gold pieces
  1713 | D:2      | Bought a scroll of identify for 28 gold pieces
  1713 | D:2      | Bought a scroll of fear for 56 gold pieces
  1713 | D:2      | Bought a scroll of blinking for 105 gold pieces
  1716 | D:2      | Acquired 790 gold pieces
  1717 | D:2      | Acquired a +2 pair of boots of stealth
  1835 | D:2      | Reached XP level 5. HP: 36/41 MP: 9/9
  2106 | D:3      | Identified the +3 short sword of the Manifold Quests
                  | {flame, rElec Int+5}
  2202 | D:3      | Learned a level 4 spell: Manifold Assault
  2287 | D:2      | Reached XP level 6. HP: 42/47 MP: 10/10
  2401 | D:3      | Found an iron altar of Okawaru.
  2588 | D:3      | Reached skill level 5 in Translocations
  2659 | D:3      | Found a faded altar of an unknown god.
  2786 | D:3      | Identified the +2 robe of Binutifa {rPois Dex+5}
  2884 | D:3      | Gained mutation: Your spells are a little easier to cast,
                  | but a little less powerful. [potion of mutation]
  2884 | D:3      | Gained mutation: You possess an exceptional clarity of
                  | mind. [potion of mutation]
  3438 | D:4      | Found a runed translucent door.
  3442 | D:4      | Noticed Dittersdorf's ghost (novice GrFi)
  3460 | D:4      | Found a staircase to the Ecumenical Temple.
  3577 | D:4      | Reached XP level 7. HP: 53/54 MP: 10/12
  3708 | D:4      | Noticed Blork the orc
  3729 | D:4      | Killed Blork the orc
  4197 | Temple   | Entered the Ecumenical Temple
  4218 | Temple   | Became a worshipper of Cheibriados the Contemplative
  4508 | D:5      | Entered Level 5 of the Dungeon
  4599 | D:5      | Reached skill level 6 in Translocations
  4602 | D:5      | Noticed a two-headed ogre
  4742 | D:5      | Noticed Dowan
  4785 | D:5      | Reached skill level 5 in Fighting
  4785 | D:5      | Reached XP level 8. HP: 62/62 MP: 13/13
  5016 | D:5      | Acquired a +4 heavy broad axe
  5032 | D:5      | HP: 4/93 [two-headed ogre/+0 giant spiked club (14)]
  5032 | D:5      | Mangled by a two-headed ogre

Illustrated notes

Levels and vault maps discovered:
D:1:      dpeg_arrival_boxes_within_box, layout_basic
D:2:      layout_loops_ring, serial_shops, shop, nicolae_kite_square_tiling_tiny
D:3:      layout_rooms, okawaru_metal_pillars_3, ebering_ecumenical_altar_rust
D:4:      layout_basic, minmay_temple_entry_overgrown, ebering_ghost_sewer_d,
          minmay_manual_monstrance, uniq_blork_the_orc
D:5:      layout_basic, uniq_duvessa
Temple:   oiseaux_autumnal_temple

Skill      XL: |  1  2  3  4  5  6  7 |
---------------+----------------------+-----
Translocations | 4 5 6 |  6.2
Fighting       | 3 4 5 |  5.0
Armour         | 2 3 |  3.7
Axes           | 3 4 |  4.2
Dodging        | 3 4 |  4.1
Spellcasting   | 3 |  3.9
Throwing       | |  1.0

Action                     |  1- 3 |  4- 6 |  7- 9 || total
---------------------------+-------+-------+-------++-------
  Melee: Hand axe          |   111 |    46 |       ||   157
         Punch             |     3 |     1 |     3 ||     7
         Short sword       |       |    95 |   154 ||   249
         Broad axe         |       |       |     3 ||     3
  Throw: Boomerang         |     4 |     3 |       ||     7
         Dart              |       |    16 |     8 ||    24
Ability: Hop               |     2 |     3 |     3 ||     8
  Evoke: Wand              |       |    18 |       ||    18
    Use: Scroll            |     5 |     7 |     7 ||    19
         Potion            |     1 |     2 |     2 ||     5
   Stab: Sleeping          |       |     5 |       ||     5
 Armour: Leather armour    |    37 |    34 |       ||    71
         Robe              |       |     6 |    44 ||    50
  Dodge: Dodged            |    88 |   104 |   109 ||   301

Table legend: (Time is in decaauts)
 A = Elapsed time spent in this place.
 B = Non-inter-level travel time spent in this place.
 C = Inter-level travel time spent in this place.
 D = Time resting spent in this place.
 E = Time spent auto-exploring this place.
 F = Levels seen in this place.
 G = Mean time per level.
                   A        B        C        D        E       F      G
               +--------+--------+--------+--------+--------+-----+--------+
         Total |   5852 |   5475 |    377 |    576 |   3462 |   6 |  975.3 |
       Dungeon |   5471 |   5141 |    330 |    576 |   3173 |   5 | 1094.2 |
        Temple |    381 |    334 |     47 |      0 |    289 |   1 |  381.0 |
               +--------+--------+--------+--------+--------+-----+--------+

Top non-repeatable levels by time:
     D:4: 1407 daAuts
     D:2: 1199 daAuts
     D:3: 1148 daAuts
     D:1: 1077 daAuts
     D:5: 638 daAuts
  Temple: 381 daAuts
